 Dungeon Crawl Stone Soup version 0.31-a0-1074-g0b22e4e0f1 (webtiles) character file.

Game seed: 17430672718684791368

2863 Dittersdorf the Blocker (level 9, -2/59 HPs)
             Began as a Gargoyle Fighter on Nov 28, 2023.
             Was an Elder of Okawaru.
             Killed by divine providence
             ... invoked by an orc priest
              (12 damage)
             ... on level 7 of the Dungeon.
             The game lasted 00:05:38 (4855 turns).

Dittersdorf the Blocker (Gargoyle Fighter)          Turns: 4855, Time: 00:05:38

Health: -2/59      AC: 18    Str: 19    XL:     9   Next: 75%
Magic:  2/9        EV:  5    Int: 10    God:    Okawaru [****..]
Gold:   238        SH: 10    Dex:  9    Spells: 8/8 levels left

rFire   . . .        b - +0 morningstar
rCold   . . .        c - +0 buckler
rNeg    + + .        j - +0 chain mail
rPois   ∞            (no helmet)
rElec   +            (no cloak)
rCorr   .            (no gloves)
SInv    .            x - +0 pair of boots
Will    .....        v - amulet "Huit" {Reflect rPois rN+ Str-4 SH+5} Stlth
                     m - +4 ring of slaying
HPRegen 0.29/turn    (no ring)
MPRegen 0.11/turn

%: reflection
@: grasped by roots, constricted
A: sickness immunity, AC +6, negative energy resistance 1, electricity
resistance, torment resistance 1, petrification resistance
a: Renounce Religion, Heroism, Finesse


You were on level 7 of the Dungeon.
You worshipped Okawaru.
Okawaru was greatly pleased with you.
You visited 1 branch of the dungeon, and saw 7 of its levels.

You collected 238 gold pieces.

Inventory:

Hand Weapons
 b - a +0 morningstar (weapon)
Missiles
 o - 16 poisoned darts (quivered)
Armour
 c - a +0 buckler (worn)
 j - a +0 chain mail (worn)
 x - a +0 pair of boots (worn)
 y - a +0 plate armour
Jewellery
 m - a +4 ring of slaying (left hand)
 r - an amulet of reflection
 v - the amulet "Huit" (around neck) {Reflect rPois rN+ Str-4 SH+5}
   (You found it on level 5 of the Dungeon)

   [amulet of reflection]

   Reflect:   It reflects blocked missile attacks.
   Str-4:     It affects your strength (-4).
   rPois:     It protects you from poison rN+: It protects you from negative
   energy.
   SH+5:      It affects your SH (+5).
Scrolls
 a - a scroll of teleportation {unknown}
 f - a scroll of torment {unknown}
 g - 2 scrolls of fog {unknown}
 h - a scroll of blinking {unknown}
 i - 4 scrolls of revelation {unknown}
 k - 2 scrolls of noise {unknown}
 l - 2 scrolls of fear {unknown}
 n - a scroll of poison {unknown}
 p - a scroll of vulnerability {unknown}
Potions
 d - 3 potions of might
 e - a potion of heal wounds
 q - a potion of brilliance
 s - a potion of haste
 t - a potion of curing


   Skills:
 + Level 7.9 Fighting
 + Level 6.8 Maces & Flails
 + Level 8.0 Armour
 + Level 8.0 Shields


You had 8 spell levels left.
You didn't know any spells.
Your spell library contained the following spells:

 Spells                   Type           Power      Damage    Failure   Level
 Magic Dart               Conj           0%         1d3       97%         1
 Blink                    Tloc           0%         N/A       99%         2
 Lesser Beckoning         Tloc           0%         N/A       99%         2
 Momentum Strike          Conj/Tloc      0%         3d8       99%         2
 Mephitic Cloud           Conj/Pois/Air  0%         N/A       100%        3
 Call Imp                 Summ           Unusable   N/A       N/A         2

Dungeon Overview and Level Annotations

Branches:
Dungeon (7/15)             Temple (0/1) D:5

Altars:
Okawaru
Trog

Annotations:
D:7 Maurice


Innate Abilities, Weirdness & Mutations

You are immune to sickness and miasma.
Your stone body is resilient. (AC +6)
You are immune to poison.
You resist negative energy. (rN+)
You are resistant to electric shocks. (rElec)
You are resistant to unholy torment.
You are immune to petrification.


Message History

You are too injured to fight recklessly!
You are too injured to fight recklessly!
You are too injured to fight recklessly!
You barely miss the kobold. You block the kobold's attack.
The orc throws a boomerang.
The boomerang barely misses you. Something hits you but does no damage.
Something bites you but does no damage.
You hit the kobold.
The kobold is heavily wounded.
You block the kobold's attack. Something hits you but does no damage.
You block something's attack.
You barely miss the kobold.
The kobold is heavily wounded.
The kobold hits you but does no damage. Something hits you but does no damage.
Something bites you.
You feel your power leaking away. Something drains your magic.
The kobold hits you but does no damage.
An orc priest comes into view. It is wielding a +0 dagger.
Something hits you but does no damage. Something bites you but does no damage.
The orc throws a boomerang.
The boomerang hits you.
The orc priest shouts!
You sock the kobold!
You kill the kobold!
Okawaru accepts your kill.
The orc throws a boomerang.
The boomerang hits you. Something hits you but does no damage.
Something bites you but does no damage.
Items here: ( )) †††.
You sock something!
You hear a zap.
The roots erupt in riotous growth!
The grasping roots grab you!
You are constricted.
You hear a shout! x3
You closely miss something. Something completely misses you.
Something bites you.
You feel your power leaking away. Something drains your magic.
You are constricted!
* * * LOW HITPOINT WARNING * * *
The orc priest invokes the aid of Beogh against you.
Beogh smites you!
You die...

.# ##...# ... #### #...##
#..########..########..##
#..........†#........##
###...<...##.........##
...........###..#######
####......## ##.#
#..>..{### #.# #.....)@.#
#.# #......#..##..
#.....o.#.....
#...o.........# #........
....# ####.##.. ..... #.
... ..## .. ..#


You could see an orc priest and an orc.

Vanquished Creatures
  Sigmund (D:6)
  3 yaks (D:6)
  A steam dragon (D:6)
  Menkaure (D:6)
  Duvessa (D:6)
  An ice beast (D:5)
  A water moccasin (D:6)
  A sky beast (D:6)
  2 centaurs (D:6)
  6 phantoms
  A kobold brigand (D:7)
  A bullfrog (D:7)
  3 scorpions
  Dowan (D:6)
  2 howler monkeys
  3 jellies
  An orc priest (D:2)
  7 hounds
  5 iguanas
  2 sleepcaps (D:5)
  Natasha (thrice) (D:4)
  2 orc wizards
  9 adders
  5 dart slugs
  16 orcs
  5 bats
  7 endoplasms
  7 giant cockroaches
  6 hobgoblins
  11 jackals
  3 quokkas
  7 ball pythons
  2 frilled lizards
  9 goblins
  14 kobolds
  4 rats
154 creatures vanquished.

Vanquished Creatures (others)
  A kobold (D:4)
1 creature vanquished.

Grand Total: 155 creatures vanquished

Notes
Turn   | Place    | Note
-------+----------+-------------------------------------------
     0 | D:1      | Dittersdorf the Gargoyle Fighter began the quest for the
                  | Orb.
     0 | D:1      | Reached XP level 1. HP: 14/14 MP: 1/1
   189 | D:1      | Reached XP level 2. HP: 14/19 MP: 2/2
   499 | D:1      | Reached XP level 3. HP: 22/23 MP: 3/3
  1099 | D:2      | Reached XP level 4. HP: 29/29 MP: 4/4
  1205 | D:2      | Found a bloodstained altar of Trog.
  1477 | D:2      | Found a faded altar of an unknown god.
  1685 | D:2      | Reached XP level 5. HP: 29/33 MP: 5/5
  1961 | D:3      | Found an iron altar of Okawaru.
  1972 | D:3      | Became a worshipper of Warmaster Okawaru
  2441 | D:4      | Noticed Natasha
  2446 | D:4      | Killed Natasha
  2511 | D:4      | Noticed Natasha
  2521 | D:4      | Killed Natasha
  2522 | D:4      | Reached XP level 6. HP: 33/39 MP: 6/6
  2527 | D:4      | Noticed Natasha
  2537 | D:4      | Killed Natasha
  2812 | D:4      | Reached * piety under Okawaru
  2813 | D:4      | Reached skill level 5 in Shields
  2815 | D:4      | Reached skill level 5 in Armour
  3059 | D:4      | Reached skill level 5 in Fighting
  3059 | D:4      | Reached XP level 7. HP: 44/44 MP: 7/7
  3253 | D:5      | Entered Level 5 of the Dungeon
  3343 | D:5      | Identified the ring "Saasch" {rF+ Will- rCorr Str+3 Int+6}
  3488 | D:5      | Identified the amulet "Huit" {Reflect rPois rN+ Str-4 SH+5}
  3547 | D:5      | Found a staircase to the Ecumenical Temple.
  3572 | D:5      | Reached XP level 8. HP: 40/51 MP: 8/8
  3678 | D:5      | Reached ** piety under Okawaru
  3809 | D:5      | Reached skill level 5 in Maces & Flails
  4405 | D:6      | Noticed Duvessa
  4408 | D:6      | Noticed Dowan
  4413 | D:6      | Noticed Sigmund
  4414 | D:6      | Killed Duvessa
  4414 | D:6      | Noticed a yak
  4419 | D:6      | Killed Dowan
  4419 | D:6      | Reached *** piety under Okawaru
  4420 | D:6      | Reached XP level 9. HP: 49/56 MP: 9/9
  4424 | D:6      | Killed Sigmund
  4429 | D:6      | Noticed Menkaure
  4443 | D:6      | Reached **** piety under Okawaru
  4447 | D:6      | Killed Menkaure
  4836 | D:7      | Noticed Maurice
  4848 | D:7      | Something stole the ring "Saasch" {rF+ Will- rCorr Str+3
                  | Int+6}
  4855 | D:7      | Killed from afar by an orc priest

Illustrated notes

Levels and vault maps discovered:
D:1:      dpeg_arrival_morbid_curiosity, layout_basic, st_stairs_11,
          hangedman_feature_mirror
D:2:      layout_loops_ring, basic_altar, shapermc_ecumenical_altar_flowoftime
D:3:      layout_basic, mainiacjoe_overflow_paths
D:4:      layout_cave_pods, serial_bayou_crossing, uniq_natasha
D:5:      layout_gridville, minmay_temple_entry_steel_oval
D:6:      layout_basic, st_stairs_5, uniq_sigmund, uniq_duvessa, uniq_menkaure
D:7:      layout_rooms, tgw_sif, serial_library_hellmonk_angled_corner,
          minmay_shop_mayhem, minmay_misc_feat_square, uniq_maurice

Skill      XL: |  1  2  3  4  5  6  7  8  9 |
---------------+----------------------------+-----
Fighting       | 4 5 6 7 |  7.9
Armour         | 4 5 6 8 |  8.0
Shields        | 4 5 7 8 |  8.0
Maces & Flails | 3 4 5 6 |  6.8

Action                     |  1- 3 |  4- 6 |  7- 9 || total
---------------------------+-------+-------+-------++-------
  Melee: Flail             |   118 |    14 |       ||   132
         Morningstar       |       |   147 |   260 ||   407
    Use: Scroll            |       |       |     6 ||     6
 Armour: Scale mail        |    71 |       |       ||    71
         Chain mail        |    38 |   138 |   246 ||   422
  Dodge: Dodged            |    50 |    77 |    74 ||   201
  Block: Buckler           |    30 |    47 |   134 ||   211
         Reflection        |       |     1 |     3 ||     4

Table legend: (Time is in decaauts)
 A = Elapsed time spent in this place.
 B = Non-inter-level travel time spent in this place.
 C = Inter-level travel time spent in this place.
 D = Time resting spent in this place.
 E = Time spent auto-exploring this place.
 F = Levels seen in this place.
 G = Mean time per level.
                   A        B        C        D        E       F      G
               +--------+--------+--------+--------+--------+-----+--------+
         Total |   5025 |   4840 |    185 |    375 |   3236 |   7 |  717.9 |
       Dungeon |   5025 |   4840 |    185 |    375 |   3236 |   7 |  717.9 |
               +--------+--------+--------+--------+--------+-----+--------+

Top non-repeatable levels by time:
     D:1: 1010 daAuts
     D:2: 1003 daAuts
     D:4: 886 daAuts
     D:6: 789 daAuts
     D:5: 776 daAuts
     D:3: 456 daAuts
     D:7: 103 daAuts
